 Dungeon Sprint DCSS version 0.31-a0-431-g88bdf31460 (webtiles) character file.

Game seed: 13797738850300587626

161 Turgor the Ruffian (level 5, -6/43 HPs)
             Began as a Gnoll Shapeshifter on July 31, 2023.
             Mangled by an ogre
             ... wielding a +0 giant club
              (29 damage)
             ... in the Dungeon (Sprint IX: "|||||||||||||||||||||||||||||").
             The game lasted 00:01:11 (46 turns).

Turgor the Ruffian (Gnoll Shapeshifter)               Turns: 46, Time: 00:01:11

Health: -6/43      AC:  2    Str: 17    XL:     5   Next: 42%
Magic:  4/10       EV: 14    Int:  7    God:
Gold:   0          SH:  0    Dex: 12    Spells: 11/11 levels left

rFire   . .          .
                       - Unarmed
rCold   . . .        (no shield)
rNeg    . . .        a - +0 animal skin
rPois   .            (helmet currently unavailable)
rElec   .            (cloak currently unavailable)
rCorr   .            (gloves currently unavailable)
SInv    .            (boots currently unavailable)
Will    .....        (no amulet)
Stlth   ++           (no ring)
HPRegen 0.27/turn    (no ring)
MPRegen 0.12/turn

%: no teleportation
@: beast-form
A: beast (slay +5), fangs 1, strong nose, distributed training
a: Begin Untransformation


You were in the Dungeon.
You were a hulking beast.
You visited 1 branch

Inventory:

Armour
 a - a +0 animal skin (worn)
Talismans
 c - a beast talisman (active)
Scrolls
 i - a scroll of blinking
Potions
 b - a potion of lignification
 d - a potion of curing
 f - a potion of haste
 g - 2 potions of magic
 h - a potion of berserk rage


   Skills:
 + Level 4.5 Fighting
 + Level 3.6 Short Blades
 + Level 3.6 Long Blades
 + Level 3.6 Axes
 + Level 3.6 Maces & Flails
 + Level 3.6 Polearms
 + Level 3.6 Staves
 + Level 3.6 Ranged Weapons
 + Level 3.6 Throwing
 + Level 3.6 Armour
 + Level 5.9 Dodging
 + Level 3.6 Stealth
 + Level 3.6 Shields
 + Level 7.5 Unarmed Combat
 + Level 3.6 Spellcasting
 + Level 3.0 Conjurations
 + Level 3.0 Hexes
 + Level 3.0 Summonings
 + Level 3.0 Necromancy
 + Level 3.0 Translocations
 + Level 3.0 Transmutations
 + Level 3.0 Fire Magic
 + Level 3.0 Ice Magic
 + Level 3.0 Air Magic
 + Level 3.0 Earth Magic
 + Level 3.0 Poison Magic
 + Level 4.0 Invocations
 + Level 3.6 Evocations
 + Level 7.2 Shapeshifting


You had 11 spell levels left.
You didn't know any spells.
Your spell library was empty.

Dungeon Overview and Level Annotations

Branches:
Dungeon (1/1)

Altars:


Innate Abilities, Weirdness & Mutations

You are a hulking beast.
Your limbs bulge with bestial killing power. (Slay +5)
You have very sharp teeth.
Your uncanny sense of smell can sniff out nearby items.
Your experience applies equally to all skills.


Message History

You punch the ice beast!
You kill the ice beast!
Your Fighting skill increases to level 4!
Your Short Blades skill increases to level 3!
Your Long Blades skill increases to level 3!
Your Axes skill increases to level 3!
Your Maces & Flails skill increases to level 3!
Your Polearms skill increases to level 3!
Your Staves skill increases to level 3!
Your Ranged Weapons skill increases to level 3!
Your Throwing skill increases to level 3!
Your Armour skill increases to level 3!
Your Stealth skill increases to level 3!
Your Shields skill increases to level 3!
Your Spellcasting skill increases to level 3!
Your Conjurations skill increases to level 3!
Your Hexes skill increases to level 3!
Your Summonings skill increases to level 3!
Your Necromancy skill increases to level 3!
Your Translocations skill increases to level 3!
Your Transmutations skill increases to level 3!
Your Fire Magic skill increases to level 3!
Your Ice Magic skill increases to level 3!
Your Air Magic skill increases to level 3!
Your Earth Magic skill increases to level 3!
Your Poison Magic skill increases to level 3!
Your Invocations skill gained 2 levels and is now at level 4!
Your Evocations skill increases to level 3!
Your Shapeshifting skill increases to level 7!
You have reached level 5!
You hit the ogre but do no damage. You bite the ogre.
The ogre is lightly wounded.
You punch the ogre!
The ogre is moderately wounded.
The ogre hits you with a +0 giant club!!
You closely miss the ogre.
The ogre is moderately wounded.
The ogre hits you with a +0 giant club!!
Ouch! That really hurt!
You die...

∆∆∆∆∆∆∆∆∆
▓▓▓▓▓▓▓▓▓▓▓▓▓▓▓▓▓▓
+....sOh....)...<▓
▓▓▓▓▓▓▓▓▓▓▓▓▓▓▓▓▓▓


You could see an ogre and a scorpion.

Vanquished Creatures
  An ice beast (D)
  2 hounds (D)
  A ball python (D)
  A goblin (D)
  A hobgoblin (D)
  A bat (D)
  A rat (D)
8 creatures vanquished.

Notes
Turn   | Place    | Note
-------+----------+-------------------------------------------
     0 | D        | Turgor the Gnoll Shapeshifter began the quest for the Orb.
     0 | D        | Reached XP level 1. HP: 17/17 MP: 1/1
    15 | D        | Reached skill level 1 in Invocations
    17 | D        | Reached skill level 1 in Short Blades
    17 | D        | Reached skill level 1 in Long Blades
    17 | D        | Reached skill level 1 in Axes
    17 | D        | Reached skill level 1 in Maces & Flails
    17 | D        | Reached skill level 1 in Polearms
    17 | D        | Reached skill level 1 in Staves
    17 | D        | Reached skill level 1 in Ranged Weapons
    17 | D        | Reached skill level 1 in Throwing
    17 | D        | Reached skill level 1 in Armour
    17 | D        | Reached skill level 1 in Stealth
    17 | D        | Reached skill level 1 in Shields
    17 | D        | Reached skill level 1 in Spellcasting
    17 | D        | Reached skill level 1 in Evocations
    23 | D        | Noticed a scorpion
    23 | D        | Noticed an ogre
    23 | D        | Noticed an ice beast
    23 | D        | Noticed a hound
    23 | D        | Noticed a hound
    28 | D        | Killed a hound
    29 | D        | Reached skill level 5 in Dodging
    29 | D        | Reached skill level 1 in Conjurations
    29 | D        | Reached skill level 1 in Hexes
    29 | D        | Reached skill level 1 in Summonings
    29 | D        | Reached skill level 1 in Necromancy
    29 | D        | Reached skill level 1 in Translocations
    29 | D        | Reached skill level 1 in Transmutations
    29 | D        | Reached skill level 1 in Fire Magic
    29 | D        | Reached skill level 1 in Ice Magic
    29 | D        | Reached skill level 1 in Air Magic
    29 | D        | Reached skill level 1 in Earth Magic
    29 | D        | Reached skill level 1 in Poison Magic
    29 | D        | Reached XP level 2. HP: 19/24 MP: 3/5
    29 | D        | Reached XP level 3. HP: 23/29 MP: 3/6
    38 | D        | Reached XP level 4. HP: 12/37 MP: 3/7
    43 | D        | Killed an ice beast
    44 | D        | Reached XP level 5. HP: 43/43 MP: 4/10
    46 | D        | Mangled by an ogre

Illustrated notes

Levels and vault maps discovered:
D:        linesprint [early_d, line_temple, items_1, d_10, items_2, lair_1,
          lair_end, items_3, orc_1, orc_end, items_4, d_15, swamp_1, shoals_1,
          snake_1, spider_1, d_20, vaults_1, items_5, swamp_end, shoals_end,
          snake_end, spider_end, vaults_end, d_27, items_6, zot_1, zot_end,
          crypt_end, forest_end, elf_end, slime_end, tomb_end, abyss_end,
          pan_hell_end]

Skill      XL: |  1  2  3  4 |
---------------+-------------+-----
Invocations    | 2 4 |  4.0
Short Blades   | 2 3 |  3.6
Long Blades    | 2 3 |  3.6
Axes           | 2 3 |  3.6
Maces & Flails | 2 3 |  3.6
Polearms       | 2 3 |  3.6
Staves         | 2 3 |  3.6
Ranged Weapons | 2 3 |  3.6
Throwing       | 2 3 |  3.6
Armour         | 2 3 |  3.6
Stealth        | 2 3 |  3.6
Shields        | 2 3 |  3.6
Spellcasting   | 2 3 |  3.6
Evocations     | 2 3 |  3.6
Fighting       | 3 4 |  4.5
Dodging        | 5 |  5.9
Conjurations   | 1 2 3 |  3.0
Hexes          | 1 2 3 |  3.0
Summonings     | 1 2 3 |  3.0
Necromancy     | 1 2 3 |  3.0
Translocations | 1 2 3 |  3.0
Transmutations | 1 2 3 |  3.0
Fire Magic     | 1 2 3 |  3.0
Ice Magic      | 1 2 3 |  3.0
Air Magic      | 1 2 3 |  3.0
Earth Magic    | 1 2 3 |  3.0
Poison Magic   | 1 2 3 |  3.0
Unarmed Combat | 7 |  7.5
Shapeshifting  | 7 |  7.2

Action                     |  1- 3 |  4- 6 || total
---------------------------+-------+-------++-------
  Melee: Unarmed           |    25 |     8 ||    33
         Bite              |     2 |     2 ||     4
         Punch             |       |     1 ||     1
    Use: Potion            |       |     1 ||     1
 Armour: Animal skin       |     1 |       ||     1
  Dodge: Dodged            |    15 |     5 ||    20

Table legend: (Time is in decaauts)
 A = Elapsed time spent in this place.
 B = Non-inter-level travel time spent in this place.
 C = Inter-level travel time spent in this place.
 D = Time resting spent in this place.
 E = Time spent auto-exploring this place.
 F = Levels seen in this place.
 G = Mean time per level.
                   A        B        C        D        E       F      G
               +--------+--------+--------+--------+--------+-----+--------+
         Total |     41 |     41 |      0 |      0 |      0 |   1 |   41.0 |
       Dungeon |     41 |     41 |      0 |      0 |      0 |   1 |   41.0 |
               +--------+--------+--------+--------+--------+-----+--------+

Top non-repeatable levels by time:
       D: 41 daAuts
